 Dungeon Crawl Stone Soup version 0.30.1-11-g7821555f0a (webtiles) character file.

Game seed: 14868311930947954043

1962 monsoonserge the Conjurer (level 9, -1/51 HPs)
             Began as a Tengu Reaver on Jan 9, 2024.
             Was a Follower of Vehumet.
             Slain by an orc knight
             ... wielding a +0 glaive
              (19 damage)
             ... in a bailey.
             The game lasted 00:25:50 (7102 turns).

monsoonserge the Conjurer (Tengu Reaver)            Turns: 7102, Time: 00:25:50

Health: -1/51      AC: 14    Str:  8    XL:     9   Next: 19%
Magic:  5/14       EV: 15    Int: 17    God:    Vehumet [*.....]
Gold:   506        SH:  0    Dex: 14    Spells: 7/14 levels left

rFire   . . .        t - staff of conjuration
rCold   . . .        (no shield)
rNeg    . . .        J - +4 leather armour of Patem {Harm rElec Regen+ Str-4}
rPois   +            (helmet restricted)
rElec   +            v - +2 cloak {rPois}
rCorr   .            (no gloves)
SInv    +            (boots unavailable)
Will    .....        (no amulet)
Stlth   +            G - +4 ring of protection
HPRegen 1.08/turn    I - ring of see invisible
MPRegen 0.14/turn

%: harm (+30% outgoing, +20% incoming)
@: flying quickly and evasively, quick
A: beak, talons 3, nimble flight
a: Renounce Religion


You were in a bailey.
You worshipped Vehumet.
Vehumet was aware of your devotion.
You visited 2 branches of the dungeon, and saw 11 of its levels.
You also visited: Bailey.

You collected 506 gold pieces.

Inventory:

Hand Weapons
 y - a +0 morningstar
 E - a +2 broad axe of flaming
 H - a +2 falchion of holy wrath
Missiles
 c - 7 datura-tipped darts
 e - 17 boomerangs (quivered)
Armour
 a - a +0 ring mail of poison resistance
 b - a +0 leather armour
 v - a +2 cloak of poison resistance (worn)
 F - +1 steam dragon scales
 J - the +4 leather armour of Patem (worn) {Harm rElec Regen+ Str-4}
   (You found it on level 8 of the Dungeon)

   Str:       It affects your strength (-4).
   rElec:     It insulates you from electricity.
   Regen:     It increases your rate of health regeneration.
   Harm:      It increases damage dealt and taken.
Magical Staves
 k - a staff of earth
 t - a staff of conjuration (weapon)
Jewellery
 r - a +6 ring of dexterity
 s - a ring of magical power
 G - a +4 ring of protection (left hand)
 I - a ring of see invisible (right hand)
Wands
 w - a wand of polymorph (6)
 M - a wand of acid (4)
Scrolls
 f - a scroll of noise {unknown}
 g - a scroll of amnesia {unknown}
 i - a scroll of brand weapon {unknown}
 j - a scroll of enchant weapon {unknown}
 n - 2 scrolls of enchant armour {unknown}
 p - 2 scrolls of immolation {unknown}
 u - 2 scrolls of vulnerability
 C - 2 scrolls of teleportation
 L - a scroll of blinking {unknown}
 N - a scroll of torment
 O - a scroll of summoning {unknown}
Potions
 d - a potion of brilliance {unknown}
 h - a potion of might {unknown}
 l - 6 potions of lignification {unknown}
 m - a potion of heal wounds
 o - 3 potions of resistance
 q - a potion of flight {unknown}
 x - 3 potions of ambrosia
 z - a potion of cancellation {unknown}
 A - 3 potions of mutation
 B - a potion of berserk rage {unknown}
 K - a potion of curing {unknown}


   Skills:
 + Level 3.2 Fighting
 - Level 4.0(5.1) Maces & Flails
 + Level 4.7(5.5) Staves
 + Level 1.1 Throwing
 - Level 5.0 Armour
 + Level 4.1 Dodging
 - Level 1.0 Stealth
 - Level 3.0 Spellcasting
 * Level 7.0 Conjurations
 - Level 1.0 Necromancy
 - Level 1.0 Translocations
 * Level 5.6 Air Magic
 + Level 3.8 Evocations


You had 7 spell levels left.
You knew the following spells:

 Your Spells              Type           Power      Damage    Failure   Level
a - Kiss of Death         Conj/Necr      96%        2d12      4%          1
b - Static Discharge      Conj/Air       72%        2-5/arc   2%          2
c - Blink                 Tloc           10%        N/A       24%         2
d - Searing Ray           Conj           78%        2d7       1%          2

Your spell library contained the following spells:

 Spells                   Type           Power      Damage    Failure   Level
 Sandblast                Erth           4%         2d4       24%         1
 Magic Dart               Conj           100%       1d8       1%          1
 Momentum Strike          Conj/Tloc      48%        3d9       7%          2
 Hailstorm                Conj/Ice       21%        3d6       17%         3
 Airstrike                Air            10%        2d(2-18)  22%         4
 Lesser Beckoning         Tloc           10%        N/A       24%         2
 Fulminant Prism          Conj/Hex       10%        3d8       50%         4
 Summon Lightning Spire   Summ/Air       12%        N/A       58%         4


Dungeon Overview and Level Annotations

Branches:
Dungeon (10/15)            Temple (1/1) D:4            Lair (0/5) D:8
    Orc (0/2) D:10         Bailey (1/1)

Altars:
Ashenzari
Cheibriados
Dithmenos
Elyvilon
Fedhas
Gozag
Hepliaklqana
Kikubaaqudgha
Makhleb
Nemelex Xobeh
Okawaru
Qazlal
Ru
Uskayaw
Vehumet
Wu Jian
Xom
Yredelemnul
Zin
The Shining One

Shops:
D:2 [   D:6 (

Annotations:
D:6 1 runed translucent door, PedoSlayer's ghost, novice MiMo


Innate Abilities, Weirdness & Mutations

You have a beak for a mouth.
You have claws for feet.
Your magical nature lets you fly swiftly and evasively.


Message History

There is a large open door, spattered with blood here.
Unknown command.
Unknown command.
The orc warrior hits you from afar with a +0 trident.
Things that are here:
a +0 halberd; a +0 scale mail
Casting: Static Discharge (safe; 2% risk of failure)
Confirm with . or Enter, or press ? or * to list all spells.
Okay, then.
Press: ? - help, v - describe, . - travel
Here: an orc warrior, wielding a +0 trident and wearing a +0 plate armour (strong)
A large open door, spattered with blood.
The orc warrior no longer looks unusually strong.
You feel much better.
The orc knight roars a battlecry!
The orc warrior goes into a battle-frenzy!
The orc barely misses you.
Unknown command.
The orc warrior completely misses you. The orc hits you with a +0 trident.
The orc knight hits you but does no damage.
The orc warrior hits you from afar with a +0 spear.
Unknown command.
Unknown command.
Casting: Static Discharge (safe; 2% risk of failure)
Confirm with . or Enter, or press ? or * to list all spells.
You feel a surge of power!
The orc is struck by an arc of lightning.
The orc is heavily wounded.
The orc warrior is struck by an arc of lightning.
The orc warrior is moderately wounded.
The orc warrior is struck by an arc of lightning.
The orc warrior is moderately wounded.
The lightning grounds out.
The orc warrior is struck by an arc of lightning!
The orc warrior is moderately wounded.
You resist.
You are struck by an arc of lightning.
The lightning grounds out.
The orc warrior hits you with a +0 trident!!
The orc closely misses you.
The orc knight hits you from afar with a +0 glaive!
You die...

#..≈≈≈≈...# ####.
#..≈≈≈≈≈..#
.....#...≈≈≈≈.....###
...##...≈≈≈≈..♣♣...♣♣♣
#..#....≈≈≈≈..♣......♣♣
#8.#...######.........♣
#..#...............∩..♣
#..'..o...............♣
#..'oooo@.............♣
#..#..o..o.........∩..♣ ..
#8.#...######.........♣
######oo#....≈≈≈≈.........♣♣
..o...ooo##.♣.≈≈≈≈..♣....♣♣♣
..........#...≈≈≈≈.....###
########..#..♣≈≈≈≈..♣.##
####..♣≈≈≈≈≈...#
....♣♣≈≈≈≈≈.♣#


You could see an orc knight, 5 orc warriors and an orc (strong).

Vanquished Creatures
  Maggie (D:6)
  A shadow (D:9)
  2 steam dragons (D:8)
  2 water moccasins
  An orc warrior (Bailey)
  A tengu (D:8)
  2 phantoms
  A bullfrog (D:6)
  2 scorpions (D:5)
  3 wights (D:10)
  A killer bee (D:9)
  An orc priest (D:3)
  2 hounds
  2 iguanas
  A sleepcap (D:5)
  2 orc wizards
  5 adders
  2 worms
  4 dart slugs
  16 orcs
  5 ball pythons
  4 endoplasms
  7 giant cockroaches
  7 goblins
  5 hobgoblins
  9 kobolds
  3 quokkas
  5 bats
  3 frilled lizards
  4 rats
  A butterfly (D:4)
105 creatures vanquished.

Notes
Turn   | Place    | Note
-------+----------+-------------------------------------------
     0 | D:1      | monsoonserge the Tengu Reaver began the quest for the Orb.
     0 | D:1      | Reached XP level 1. HP: 12/12 MP: 4/4
   273 | D:1      | Reached XP level 2. HP: 17/17 MP: 6/6
   867 | D:2      | Reached skill level 1 in Armour
   880 | D:2      | Reached XP level 3. HP: 21/21 MP: 7/7
   907 | D:2      | Found a blossoming altar of Fedhas.
   958 | D:2      | Reached skill level 1 in Necromancy
   983 | D:2      | Learned a level 2 spell: Static Discharge
  1093 | D:2      | Reached XP level 4. HP: 22/26 MP: 8/8
  1316 | D:2      | Reached skill level 1 in Air Magic
  1590 | D:2      | Found Inkoh's Antique Armour Shoppe.
  1783 | D:3      | Learned a level 2 spell: Blink
  2360 | D:3      | Noticed a phantom
  2368 | D:3      | Killed a phantom
  2369 | D:3      | Gained mutation: Your magical nature lets you fly swiftly
                  | and evasively. [Tengu growth]
  2369 | D:3      | Reached XP level 5. HP: 17/31 MP: 9/9
  2788 | D:3      | Found a faded altar of an unknown god.
  2996 | D:3      | Reached skill level 1 in Staves
  2996 | D:3      | Reached skill level 1 in Translocations
  2996 | D:3      | Reached XP level 6. HP: 3/36 MP: 10/10
  3261 | D:4      | Found a staircase to the Ecumenical Temple.
  3267 | Temple   | Entered the Ecumenical Temple
  3285 | Temple   | Became a worshipper of Vehumet
  3466 | D:4      | Reached skill level 1 in Evocations
  3535 | D:4      | Found a sacrificial altar of Ru.
  3896 | D:5      | Entered Level 5 of the Dungeon
  4162 | D:5      | Noticed a water moccasin
  4165 | D:5      | Reached XP level 7. HP: 40/40 MP: 12/12
  4493 | D:5      | Reached skill level 5 in Conjurations
  5061 | D:6      | Found a runed translucent door.
  5068 | D:6      | Noticed PedoSlayer's ghost (novice MiMo)
  5088 | D:6      | Found a sparkling altar of Nemelex Xobeh.
  5390 | D:6      | Found Sefergh's Weapon Shoppe.
  5757 | D:6      | Noticed Maggie
  5770 | D:6      | Killed Maggie
  5771 | D:6      | Reached skill level 5 in Armour
  5771 | D:6      | Reached XP level 8. HP: 5/45 MP: 7/13
  6047 | D:7      | You are sucked into a shaft and drop 3 floors!
  6047 | D:10     | Entered Level 10 of the Dungeon
  6114 | D:10     | Found a staircase to the Orcish Mines.
  6255 | D:10     | Noticed a troll
  6258 | D:10     | Noticed a troll
  6300 | D:10     | Noticed a komodo dragon
  6312 | D:9      | Noticed a shadow
  6318 | D:9      | Killed a shadow
  6323 | D:9      | Learned a level 2 spell: Searing Ray
  6437 | D:9      | Reached skill level 6 in Conjurations
  6476 | D:9      | Noticed a two-headed ogre
  6752 | D:8      | Identified the +4 leather armour of Patem {Harm rElec
                  | Regen+ Str-4}
  6771 | D:8      | Noticed a wyvern
  6772 | D:8      | Reached skill level 5 in Air Magic
  6792 | D:8      | a wyvern changed into a tengu
  6795 | D:8      | Reached * piety under Vehumet
  6795 | D:8      | Offered knowledge of Sandblast by Vehumet.
  6796 | D:8      | Reached skill level 1 in Stealth
  6824 | D:8      | Found a burning altar of Makhleb.
  6826 | D:8      | Found a white marble altar of Elyvilon.
  6932 | D:8      | Reached skill level 1 in Throwing
  6932 | D:8      | Reached XP level 9. HP: 36/50 MP: 5/14
  7017 | D:8      | Found a flagged portal.
  7025 | Bailey   | Entered a bailey
  7045 | Bailey   | Reached skill level 7 in Conjurations
  7077 | Bailey   | Noticed an orc knight
  7102 | Bailey   | Slain by an orc knight

Illustrated notes

Levels and vault maps discovered:
D:1:      minmay_arrival_split_and_join, layout_loops_cross
D:2:      minmay_thinvault, layout_loops_ring, basic_altar, serial_shops, shop,
          minmay_misc_feat_doors
D:3:      layout_basic, shapermc_ecumenical_altar_mp_vishouse,
          nicolae_eternal_life, nicolae_figureground_pulse
D:4:      layout_basic, nicolae_ru_path_of_blood,
          minmay_temple_entry_butterflies
D:5:      layout_loops_corners
D:6:      layout_basic, mainiacjoe_overflow_paths,
          hellmonk_ghost_happy_afterlife, hex_medium, nicolae_take_the_stairs,
          corexii_hall_statues_l, uniq_maggie
D:7:      layout_loops_corners, uniq_prince_ribbit1
D:8:      layout_basic, minitemple, erik_lair_dragon,
          lightli_ossuary_entry_decrepit_ruins, enter_bailey_2, minmay_circle_x
D:9:      layout_loops_ring, lemuel_round_altar, serial_shops,
          nicolae_shop_tiny_statue_garden
D:10:     layout_grid_maze, trog_ov_bears_minmay, orc_0_dummy, serial_shops,
          shop, uniq_josephine
Temple:   minmay_temple_bridge_d
Bailey:   bailey_polearm_elven_captive_hellmonk, bailey

Skill      XL: |  1  2  3  4  5  6  7  8  9 |
---------------+----------------------------+-----
Armour         | 1 2 3 5 |  5.0
Necromancy     | 1 |  1.0
Maces & Flails | 4 |  4.0
Air Magic      | 1 2 3 5 |  5.6
Staves         | 1 2 3 4 |  4.7
Dodging        | 3 4 |  4.1
Translocations | 1 |  1.0
Evocations     | 1 2 3 |  3.8
Conjurations   | 5 6 7 |  7.0
Spellcasting   | 3 |  3.0
Fighting       | 3 |  3.2
Stealth        | 1 |  1.0
Throwing       | 1 |  1.1

Action                     |  1- 3 |  4- 6 |  7- 9 || total
---------------------------+-------+-------+-------++-------
  Melee: Mace              |    56 |    58 |       ||   114
         Peck              |     5 |    18 |    20 ||    43
         Kick              |    18 |    35 |    23 ||    76
         Staff             |       |    59 |    66 ||   125
         Punch             |       |     1 |       ||     1
  Throw: Boomerang         |       |     3 |     6 ||     9
   Cast: Static Discharge  |       |    18 |    24 ||    42
         Kiss of Death     |       |       |     5 ||     5
         Searing Ray       |       |       |     6 ||     6
         Blink             |       |       |     1 ||     1
  Evoke: Wand              |       |       |     1 ||     1
    Use: Scroll            |       |       |     9 ||     9
         Potion            |       |       |     1 ||     1
   Stab: Sleeping          |     1 |       |       ||     1
 Armour: Leather armour    |    19 |    15 |    15 ||    49
         Ring mail         |       |    11 |     8 ||    19
         Steam dragon scal |       |       |     8 ||     8
  Dodge: Dodged            |    37 |    79 |    94 ||   210
